Workbook
Name Aportacions: [1]NT!$Q$2:$Q$5
Name DataInici: [1]NT!$C$74:$C$122
Name Dataseleccionada: [1]NT!$D$2:$D$62
Name Murphy: [1]NT!$AC$2:$AC$3
Name Periodicitat: [1]NT!$S$2:$S$4
Name Socisunic: [1]NT!$P$2

Sheet Break-even point (one prod)
B2: Break-even point
B5: Parameters | I5: Results
B7: Fixed costs | E7: Variable costs | I7: Total
B8: Contracts | C8: 4000 | E8: Purchase price materials | F8: 50 | I8: Fixed costs | J8: =SUM(C8:C11) -> 4600
B9: Rents | C9: 500 | E9: Transport clients | F9: 50 | I9: Contribution Margin | J9: =C14-(F8+F9+F10) -> 100
B10: Other fixed costs | C10: 100 | E10: Others | F10: 0 | I10: Contribution Margin S2 | J10: 0
B11: Other | C11: 0 | I11: Contribution Margin S3 | J11: 0
I12: Q: break-even | J12: =SUM(C8:C11)/(C14-F8-F9) -> 46
B13: Variable revenue | E13: Other parameters
B14: Price for service | C14: 200 | E14: % service 1 | F14: 1
B15: - | C15: 0 | E15: % service 2 | F15: 0
B16: - | C16: 0 | E16: % service 3 | F16: 0
F17: =IF(SUM(F14:F16)=1,"Ok","Alerta! Cal que sumi 100%") -> Ok | I17: Results by Q | K17: 0 | L17: 30 | M17: 62 | N17: 100
I18: Costs | K18: =SUM($C$8:$C$11)+sum($F$8:$F$9)*K17 -> 4600 | L18: =SUM($C$8:$C$11)+sum($F$8:$F$9)*L17 -> 7600 | M18: =SUM($C$8:$C$11)+sum($F$8:$F$9)*M17 -> 10800 | N18: =SUM($C$8:$C$11)+sum($F$8:$F$9)*N17 -> 14600
I19: Revenue | K19: =K17*$C$14 -> 0 | L19: =L17*$C$14 -> 6000 | M19: =M17*$C$14 -> 12400 | N19: =N17*$C$14 -> 20000

Sheet Break-even point (3 products)
B2: Break-even point
B5: Parameters | I5: Results
B7: Fixed costs | E7: Variable costs | I7: Total
B8: Contracts | C8: 4000 | E8: Purchase price materials | F8: 50 | I8: Fixed costs | J8: =SUM(C8:C11) -> 4300
B9: Rents | C9: 200 | E9: Transport clients | F9: 80 | I9: Contribution Margin S1 | J9: =C14-F10 -> 70
B10: Transports | C10: 100 | E10: Total | F10: =F8+F9 -> 130 | I10: Contribution Margin S2 | J10: =C15-F10 -> 120
B11: Other | C11: 0 | I11: Contribution Margin S3 | J11: =C16-F10 -> 170
I12: Q: break-even | J12: =J8/(J9*F14+J10*F15+J11*F16) -> 37.554585
B13: Ingressos variables | E13: Other parameters | I13: Q: service 1 | J13: =F14*$J$12 -> 10.515284
B14: Price for service 1 | C14: 200 | E14: % service 1 | F14: 0.28 | I14: Q: service 2 | J14: =F15*$J$12 -> 20.655022
B15: Price for service 2 | C15: 250 | E15: % service 2 | F15: 0.55 | I15: Q: service 3 | J15: =F16*$J$12 -> 6.3842795
B16: Price for service 3 | C16: 300 | E16: % service 3 | F16: 0.17
F17: =IF(SUM(F14:F16)=1,"Ok","Alerta! Cal que sumi 100%") -> Ok | I17: Results by Q | K17: 0 | L17: 15 | M17: 37.55 | N17: 60
I18: Costs | K18: =SUM($C$8:$C$11)+$F$10*K17 -> 4300 | L18: =SUM($C$8:$C$11)+$F$10*L17 -> 6250 | M18: =SUM($C$8:$C$11)+$F$10*M17 -> 9181.5 | N18: =SUM($C$8:$C$11)+$F$10*N17 -> 12100
I19: Revenue | K19: =$C$14*$F$14*K17+$C$15*$F$15*K17+$C$16*$F$16*K17 -> 0 | L19: =$C$14*$F$14*L17+$C$15*$F$15*L17+$C$16*$F$16*L17 -> 3667.5 | M19: =$C$14*$F$14*M17+$C$15*$F$15*M17+$C$16*$F$16*M17 -> 9180.975 | N19: =$C$14*$F$14*N17+$C$15*$F$15*N17+$C$16*$F$16*N17 -> 14670 | Q19: The break-even point is the quantity of units we need to sell, at least, to avoid losing money. It is calculated as total costs divided by the margin of contribution (Price-Variable costs). Since we have different services, we have to make a hypothesis, and assume the percentage of sales of each service (S1, S2, S3). The break-even point changes if some assumptions are changed (fixed costs, variable costs, or percentage of sales of each service).

Sheet Revenue
B2: Revenue
B5: Revenue streams | C5: Price | D5: Comments or hypotheses
B6: Therapy sessions for senior people seeking relaxation (pack of 10) | C6: 135 | D6: "Easy" to design and medium-hard to commercialise
B7: Forrest walks for school pupils | C7: =15*15 -> 225 | D7: "Medium" design cost and easy to commercialise
B8: Family activities (forest bathing and nature walks) | C8: =20*10 -> 200 | D8: Easy to design and easy to commercialise
B9: Corporate retreats, day/ weekend package | C9: 1500 | D9: Hard to design and hard to commercialise
B10: Individual sessions | C10: 90 | D10: Easy to design and easy to commercialise
B12: Subsidies | C12: 20000 | D12: 20000 | E12: 20000
C13: Year 1 | D13: Year 2 | E13: Year 3
B15: Sales | C15: Scenario 1 | F15: Scenario 2 | I15: Scenario 3
B16: =+B5 -> Revenue streams | C16: Year 1 | D16: Year 2 | E16: Year 3 | F16: =+C16 -> Year 1 | G16: =+D16 -> Year 2 | H16: =+E16 -> Year 3 | I16: =+F16 -> Year 1 | J16: =+G16 -> Year 2 | K16: =+H16 -> Year 3
B17: =B6 -> Therapy sessions for senior people seeking relaxation (pack of 10) | C17: 24 | D17: =C17+(C17*$D$23) -> 25.2 | E17: =D17+(D17*$E$23) -> 27.72 | F17: 24 | G17: =F17+(F17*$G$23) -> 25.2 | H17: =G17+(G17*$G$23) -> 26.46 | I17: 24 | J17: =I17+(I17*$J$23) -> 25.2 | K17: =J17+(J17*$K$23) -> 27.72
B18: =B7 -> Forrest walks for school pupils | C18: =10*16 -> 160 | D18: =C18+(C18*$D$23) -> 168 | E18: =D18+(D18*$E$23) -> 184.8 | F18: 0 | G18: =F18+(F18*$G$23) -> 0 | H18: =G18+(G18*$G$23) -> 0 | I18: 160 | J18: =I18+(I18*$J$23) -> 168 | K18: =J18+(J18*$K$23) -> 184.8
B19: =B8 -> Family activities (forest bathing and nature walks) | C19: 60 | D19: =C19+(C19*$D$23) -> 63 | E19: =D19+(D19*$E$23) -> 69.3 | F19: 60 | G19: =F19+(F19*$G$23) -> 63 | H19: =G19+(G19*$G$23) -> 66.15 | I19: 120 | J19: =I19+(I19*$J$23) -> 126 | K19: =J19+(J19*$K$23) -> 138.6
B20: =B9 -> Corporate retreats, day/ weekend package | C20: 12 | D20: =C20+(C20*$D$23) -> 12.6 | E20: =D20+(D20*$E$23) -> 13.86 | F20: 12 | G20: =F20+(F20*$G$23) -> 12.6 | H20: =G20+(G20*$G$23) -> 13.23 | I20: 12 | J20: =I20+(I20*$J$23) -> 12.6 | K20: =J20+(J20*$K$23) -> 13.86
B21: =B10 -> Individual sessions | C21: 60 | D21: =C21+(C21*$D$23) -> 63 | E21: =D21+(D21*$E$23) -> 69.3 | F21: 60 | G21: =F21+(F21*$G$23) -> 63 | H21: =G21+(G21*$G$23) -> 66.15 | I21: 60 | J21: =I21+(I21*$J$23) -> 63 | K21: =J21+(J21*$K$23) -> 69.3
B22: =B11 | D22: =C22+(C22*$D$23) -> 0 | E22: =D22+(D22*$E$23) -> 0 | G22: =F22+(F22*$G$23) -> 0 | H22: =G22+(G22*$G$23) -> 0 | J22: =I22+(I22*$J$23) -> 0 | K22: =J22+(J22*$K$23) -> 0
B23: Percentage growth compared to the previous year | D23: 0.05 | E23: 0.1 | G23: 0.05 | H23: 0.1 | J23: 0.05 | K23: 0.1
B26: Revenue | C26: Scenario 1 | F26: Scenario 2 | I26: Scenario 3
B27: Revenue streams | C27: Year 1 | D27: Year 2 | E27: Year 3 | F27: =+C27 -> Year 1 | G27: =+D27 -> Year 2 | H27: =+E27 -> Year 3 | I27: =+F27 -> Year 1 | J27: =+G27 -> Year 2 | K27: =+H27 -> Year 3
B28: =B6 -> Therapy sessions for senior people seeking relaxation (pack of 10) | C28: =C17*$C$6 -> 3240 | D28: =D17*$C$6*(1+$C$37) -> 3504.06 | E28: =E17*$C$6*(1+$C$37) -> 3854.466 | F28: =F17*$C6 -> 3240 | G28: =G17*$C$6*(1+$C$37) -> 3504.06 | H28: =H17*$C$6*(1+$C$37) -> 3679.263 | I28: =I17*$C$6 -> 3240 | J28: =J17*$C$6*(1+$C$37) -> 3504.06 | K28: =K17*$C$6 -> 3742.2
B29: =B18 -> Forrest walks for school pupils | C29: =C18*$C$7 -> 36000 | D29: =D18*$C$7*(1+$C$37) -> 38934 | E29: =E18*$C$7*(1+$C$37) -> 42827.4 | F29: =F18*$C7 -> 0 | G29: =G18*$C$7*(1+$C$37) -> 0 | H29: =H18*$C$7*(1+$C$37) -> 0 | I29: =I18*$C$7 -> 36000 | J29: =J18*$C$7*(1+$C$37) -> 38934 | K29: =K18*$C$7 -> 41580
B30: =B19 -> Family activities (forest bathing and nature walks) | C30: =C19*$C$8 -> 12000 | D30: =D19*$C$8*(1+$C$37) -> 12978 | E30: =E19*$C$8*(1+$C$37) -> 14275.8 | F30: =F19*$C8 -> 12000 | G30: =G19*$C$8*(1+$C$37) -> 12978 | H30: =H19*$C$8*(1+$C$37) -> 13626.9 | I30: =I19*$C$8 -> 24000 | J30: =J19*$C$8*(1+$C$37) -> 25956 | K30: =K19*$C$8 -> 27720
B31: =B20 -> Corporate retreats, day/ weekend package | C31: =C20*$C$9 -> 18000 | D31: =D20*$C$9*(1+$C$37) -> 19467 | E31: =E20*$C$9*(1+$C$37) -> 21413.7 | F31: =F20*$C9 -> 18000 | G31: =G20*$C$9*(1+$C$37) -> 19467 | H31: =H20*$C$9*(1+$C$37) -> 20440.35 | I31: =I20*$C$9 -> 18000 | J31: =J20*$C$9*(1+$C$37) -> 19467 | K31: =K20*$C$9 -> 20790
B32: =B10 -> Individual sessions | C32: =C21*$C$10 -> 5400 | D32: =D21*$C$10*(1+$C$37) -> 5840.1 | E32: =E21*$C$10*(1+$C$37) -> 6424.11 | F32: =F21*$C10 -> 5400 | G32: =G21*$C$10*(1+$C$37) -> 5840.1 | H32: =H21*$C$10*(1+$C$37) -> 6132.105 | I32: =I21*$C$10 -> 5400 | J32: =J21*$C$10*(1+$C$37) -> 5840.1 | K32: =K21*$C$10 -> 6237
B33: =B11 | C33: =C22*$C$11 -> 0 | D33: =D22*$C$11*(1+$C$37) -> 0 | E33: =E22*$C$11*(1+$C$37) -> 0 | F33: =F22*$C11 -> 0 | G33: =G22*$C$11*(1+$C$37) -> 0 | H33: =H22*$C$11*(1+$C$37) -> 0 | I33: =I22*$C$11 -> 0 | J33: =J22*$C$11*(1+$C$37) -> 0 | K33: =K22*$C$11 -> 0
B34: Total revenue from sales | C34: =+SUM(C28:C33) -> 74640 | D34: =+SUM(D28:D33) -> 80723.16 | E34: =+SUM(E28:E33) -> 88795.476 | F34: =+SUM(F28:F33) -> 38640 | G34: =+SUM(G28:G33) -> 41789.16 | H34: =+SUM(H28:H33) -> 43878.618 | I34: =+SUM(I28:I33) -> 86640 | J34: =+SUM(J28:J33) -> 93701.16 | K34: =+SUM(K28:K33) -> 100069.2
B37: Price increase | C37: 0.03

Sheet Expenses
B2: Costs
B5: Type of expenses | C5: Unit cost | D5: Comments or hypotheses
B7: Variable costs | C7: Unit cost
B8: Guide | C8: 100 | D8: It's a small fee assuming we will only need them half of the time
B9: Transport of guides and workers | C9: 40
B10: Materials for each session | C10: 10
B11: Catering: Food and drinks | C11: 30
B13: Fixed costs | C13: Annual cost
B14: Venue rental | C14: 0 | D14: Free coworking in the village
B15: Salaries | C15: 40000
B16: Marketing | C16: =290*12 -> 3480
B17: Booking platform subscription | C17: 250
B18: Insurance | C18: =250*12 -> 3000
B19: Accreditation & Training capacitation | C19: 400
B20: Administration (self-employed tax and others) | C20: 100
C28: Scenario 1 | F28: Scenario 2 | I28: Scenario 3
B29: Variable costs | C29: Year 1 | D29: Year 2 | E29: Year 3 | F29: =+C29 -> Year 1 | G29: =+D29 -> Year 2 | H29: =+E29 -> Year 3 | I29: =+F29 -> Year 1 | J29: =+G29 -> Year 2 | K29: =+H29 -> Year 3
B30: =B8 -> Guide | C30: =$C8*(Revenue!C17+Revenue!C18+Revenue!C19) -> 24400 | D30: =$C8*(Revenue!D17+Revenue!D18+Revenue!D19) -> 25620 | E30: =$C8*(Revenue!E17+Revenue!E18+Revenue!E19) -> 28182 | F30: =$C8*(Revenue!F17+Revenue!F18+Revenue!F19) -> 8400 | G30: =$C8*(Revenue!G17+Revenue!G18+Revenue!G19) -> 8820 | H30: =$C8*(Revenue!H17+Revenue!H18+Revenue!H19) -> 9261 | I30: =$C8*(Revenue!I17+Revenue!I18+Revenue!I19) -> 30400 | J30: =$C8*(Revenue!J17+Revenue!J18+Revenue!J19) -> 31920 | K30: =$C8*(Revenue!K17+Revenue!K18+Revenue!K19) -> 35112
B31: =B9 -> Transport of guides and workers | C31: =$C$9*(Revenue!C18+Revenue!C19+Revenue!C20) -> 9280 | D31: =$C$9*(Revenue!D18+Revenue!D19+Revenue!D20) -> 9744 | E31: =$C$9*(Revenue!E18+Revenue!E19+Revenue!E20) -> 10718.4 | F31: =$C$9*(Revenue!F18+Revenue!F19+Revenue!F20) -> 2880 | G31: =$C$9*(Revenue!G18+Revenue!G19+Revenue!G20) -> 3024 | H31: =$C$9*(Revenue!H18+Revenue!H19+Revenue!H20) -> 3175.2 | I31: =$C$9*(Revenue!I18+Revenue!I19+Revenue!I20) -> 11680 | J31: =$C$9*(Revenue!J18+Revenue!J19+Revenue!J20) -> 12264 | K31: =$C$9*(Revenue!K18+Revenue!K19+Revenue!K20) -> 13490.4
B32: =B10 -> Materials for each session | C32: =$C$10*(Revenue!C19+Revenue!C20+Revenue!C21) -> 1320 | D32: =$C$10*(Revenue!D19+Revenue!D20+Revenue!D21) -> 1386 | E32: =$C$10*(Revenue!E19+Revenue!E20+Revenue!E21) -> 1524.6 | F32: =$C$10*(Revenue!F19+Revenue!F20+Revenue!F21) -> 1320 | G32: =$C$10*(Revenue!G19+Revenue!G20+Revenue!G21) -> 1386 | H32: =$C$10*(Revenue!H19+Revenue!H20+Revenue!H21) -> 1455.3 | I32: =$C$10*(Revenue!I19+Revenue!I20+Revenue!I21) -> 1920 | J32: =$C$10*(Revenue!J19+Revenue!J20+Revenue!J21) -> 2016 | K32: =$C$10*(Revenue!K19+Revenue!K20+Revenue!K21) -> 2217.6
B33: =B11 -> Catering: Food and drinks | C33: =$C$8*(Revenue!C20+Revenue!C21+Revenue!C22) -> 7200 | D33: =$C$8*(Revenue!D20+Revenue!D21+Revenue!D22) -> 7560 | E33: =$C$8*(Revenue!E20+Revenue!E21+Revenue!E22) -> 8316 | F33: =$C$8*(Revenue!F20+Revenue!F21+Revenue!F22) -> 7200 | G33: =$C$8*(Revenue!G20+Revenue!G21+Revenue!G22) -> 7560 | H33: =$C$8*(Revenue!H20+Revenue!H21+Revenue!H22) -> 7938 | I33: =$C$8*(Revenue!I20+Revenue!I21+Revenue!I22) -> 7200 | J33: =$C$8*(Revenue!J20+Revenue!J21+Revenue!J22) -> 7560 | K33: =$C$8*(Revenue!K20+Revenue!K21+Revenue!K22) -> 8316
B34: Total variable costs | C34: =+SUM(C30:C33) -> 42200 | D34: =SUM(D30:D33) -> 44310 | E34: =SUM(E30:E33) -> 48741 | F34: =SUM(F30:F33) -> 19800 | G34: =SUM(G30:G33) -> 20790 | H34: =SUM(H30:H33) -> 21829.5 | I34: =SUM(I30:I33) -> 51200 | J34: =SUM(J30:J33) -> 53760 | K34: =SUM(K30:K33) -> 59136
C38: Scenario 1 | F38: Scenario 2 | I38: Scenario 3
B39: Fixed expenses | C39: Any 1 | D39: Any 2 | E39: Any 3 | F39: Any 1 | G39: Any 2 | H39: Any 3 | I39: Any 1 | J39: Any 2 | K39: Any 3
B40: =B14 -> Venue rental | C40: =C14 -> 0 | D40: =C40*(1+$C$55) -> 0 | E40: =D40*(1+$C$55) -> 0 | F40: =C14 -> 0 | G40: =F40*(1+$C$55) -> 0 | H40: =G40*(1+$C$55) -> 0 | I40: =C14 -> 0 | J40: =I40*(1+$C$55) -> 0 | K40: =J40*(1+$C$55) -> 0
B41: =B15 -> Salaries | C41: =C15 -> 40000 | D41: =C41*(1+$C$55) -> 41200 | E41: =D41*(1+$C$55) -> 42436 | F41: =C15 -> 40000 | G41: =F41*(1+$C$55) -> 41200 | H41: =G41*(1+$C$55) -> 42436 | I41: =C15 -> 40000 | J41: =I41*(1+$C$55) -> 41200 | K41: =J41*(1+$C$55) -> 42436
B42: =B16 -> Marketing | C42: =C16 -> 3480 | D42: =C42*(1+$C$55) -> 3584.4 | E42: =D42*(1+$C$55) -> 3691.932 | F42: =C16 -> 3480 | G42: =F42*(1+$C$55) -> 3584.4 | H42: =G42*(1+$C$55) -> 3691.932 | I42: =C16 -> 3480 | J42: =I42*(1+$C$55) -> 3584.4 | K42: =J42*(1+$C$55) -> 3691.932
B43: =B17 -> Booking platform subscription | C43: =C17 -> 250 | D43: =C43*(1+$C$55) -> 257.5 | E43: =D43*(1+$C$55) -> 265.225 | F43: =C17 -> 250 | G43: =F43*(1+$C$55) -> 257.5 | H43: =G43*(1+$C$55) -> 265.225 | I43: =C17 -> 250 | J43: =I43*(1+$C$55) -> 257.5 | K43: =J43*(1+$C$55) -> 265.225
B44: =B18 -> Insurance | C44: =C18 -> 3000 | D44: =C44*(1+$C$55) -> 3090 | E44: =D44*(1+$C$55) -> 3182.7 | F44: =C18 -> 3000 | G44: =F44*(1+$C$55) -> 3090 | H44: =G44*(1+$C$55) -> 3182.7 | I44: =C18 -> 3000 | J44: =I44*(1+$C$55) -> 3090 | K44: =J44*(1+$C$55) -> 3182.7
B45: =B19 -> Accreditation & Training capacitation | C45: =C19 -> 400 | D45: =C45*(1+$C$55) -> 412 | E45: =D45*(1+$C$55) -> 424.36 | F45: =C19 -> 400 | G45: =F45*(1+$C$55) -> 412 | H45: =G45*(1+$C$55) -> 424.36 | I45: =C19 -> 400 | J45: =I45*(1+$C$55) -> 412 | K45: =J45*(1+$C$55) -> 424.36
B46: =B20 -> Administration (self-employed tax and others) | C46: =C20 -> 100 | D46: =C46*(1+$C$55) -> 103 | E46: =D46*(1+$C$55) -> 106.09 | F46: =C20 -> 100 | G46: =F46*(1+$C$55) -> 103 | H46: =G46*(1+$C$55) -> 106.09 | I46: =C20 -> 100 | J46: =I46*(1+$C$55) -> 103 | K46: =J46*(1+$C$55) -> 106.09
B47: =B21 | C47: =C21 | D47: =C47*(1+$C$55) -> 0 | E47: =D47*(1+$C$55) -> 0 | F47: =C21 | G47: =F47*(1+$C$55) -> 0 | H47: =G47*(1+$C$55) -> 0 | I47: =C21 | J47: =I47*(1+$C$55) -> 0 | K47: =J47*(1+$C$55) -> 0
B48: =B22 | C48: =C22 | D48: =C48*(1+$C$55) -> 0 | E48: =D48*(1+$C$55) -> 0 | F48: =C22 | G48: =F48*(1+$C$55) -> 0 | H48: =G48*(1+$C$55) -> 0 | I48: =C22 | J48: =I48*(1+$C$55) -> 0 | K48: =J48*(1+$C$55) -> 0
B49: =B23 | C49: =C23 | D49: =C49*(1+$C$55) -> 0 | E49: =D49*(1+$C$55) -> 0 | F49: =C23 | G49: =F49*(1+$C$55) -> 0 | H49: =G49*(1+$C$55) -> 0 | I49: =C23 | J49: =I49*(1+$C$55) -> 0 | K49: =J49*(1+$C$55) -> 0
B50: =B24 | C50: =C24 | D50: =C50*(1+$C$55) -> 0 | E50: =D50*(1+$C$55) -> 0 | F50: =C24 | G50: =F50*(1+$C$55) -> 0 | H50: =G50*(1+$C$55) -> 0 | I50: =C24 | J50: =I50*(1+$C$55) -> 0 | K50: =J50*(1+$C$55) -> 0
B51: =B25 | C51: =C25 | D51: =C51*(1+$C$55) -> 0 | E51: =D51*(1+$C$55) -> 0 | F51: =C25 | G51: =F51*(1+$C$55) -> 0 | H51: =G51*(1+$C$55) -> 0 | I51: =C25 | J51: =I51*(1+$C$55) -> 0 | K51: =J51*(1+$C$55) -> 0
B52: Total fixed costs | C52: =+SUM(C40:C51) -> 47230 | D52: =+SUM(D40:D51) -> 48646.9 | E52: =+SUM(E40:E51) -> 50106.307 | F52: =+SUM(F40:F51) -> 47230 | G52: =+SUM(G40:G51) -> 48646.9 | H52: =+SUM(H40:H51) -> 50106.307 | I52: =+SUM(I40:I51) -> 47230 | J52: =+SUM(J40:J51) -> 48646.9 | K52: =+SUM(K40:K51) -> 50106.307
B55: Price increase | C55: 0.03

Sheet Profit and Loss
B2: Profit and loss
C5: Scenario 1 | F5: Scenario 2 | I5: Scenario 3
C6: Year 1 | D6: Year 2 | E6: Year 3 | F6: =+C6 -> Year 1 | G6: =+D6 -> Year 2 | H6: =+E6 -> Year 3 | I6: =+F6 -> Year 1 | J6: =+G6 -> Year 2 | K6: =+H6 -> Year 3
B7: (+) Sales | C7: =Revenue!C34 -> 74640 | D7: =Revenue!D34 -> 80723.16 | E7: =Revenue!E34 -> 88795.476 | F7: =Revenue!F34 -> 38640 | G7: =Revenue!G34 -> 41789.16 | H7: =Revenue!H34 -> 43878.618 | I7: =Revenue!I34 -> 86640 | J7: =Revenue!J34 -> 93701.16 | K7: =Revenue!K34 -> 100069.2
B8: (-) Cost of sales: direct costs | C8: =-Expenses!C34 -> -42200 | D8: =-Expenses!D34 -> -44310 | E8: =-Expenses!E34 -> -48741 | F8: =-Expenses!F34 -> -19800 | G8: =-Expenses!G34 -> -20790 | H8: =-Expenses!H34 -> -21829.5 | I8: =-Expenses!I34 -> -51200 | J8: =-Expenses!J34 -> -53760 | K8: =-Expenses!K34 -> -59136
B9: Gross margin | C9: =C7+C8 -> 32440 | D9: =D7+D8 -> 36413.16 | E9: =E7+E8 -> 40054.476 | F9: =F7+F8 -> 18840 | G9: =G7+G8 -> 20999.16 | H9: =H7+H8 -> 22049.118 | I9: =I7+I8 -> 35440 | J9: =J7+J8 -> 39941.16 | K9: =K7+K8 -> 40933.2
B10: (-) Fixed costs (structure) | C10: =-Expenses!C52 -> -47230 | D10: =-Expenses!D52 -> -48646.9 | E10: =-Expenses!E52 -> -50106.307 | F10: =-Expenses!F52 -> -47230 | G10: =-Expenses!G52 -> -48646.9 | H10: =-Expenses!H52 -> -50106.307 | I10: =-Expenses!I52 -> -47230 | J10: =-Expenses!J52 -> -48646.9 | K10: =-Expenses!K52 -> -50106.307
B11: Operational margin without subsidies | C11: =C9+C10 -> -14790 | D11: =D9+D10 -> -12233.74 | E11: =E9+E10 -> -10051.831 | F11: =F9+F10 -> -28390 | G11: =G9+G10 -> -27647.74 | H11: =H9+H10 -> -28057.189 | I11: =I9+I10 -> -11790 | J11: =J9+J10 -> -8705.74 | K11: =K9+K10 -> -9173.107
B12: (+) Subsidies | C12: =Revenue!$C$12 -> 20000 | D12: =Revenue!$D$12 -> 20000 | E12: =Revenue!$E$12 -> 20000 | F12: =Revenue!$C$12 -> 20000 | G12: =Revenue!$D$12 -> 20000 | H12: =Revenue!$E$12 -> 20000 | I12: =Revenue!$C$12 -> 20000 | J12: =Revenue!$D$12 -> 20000 | K12: =Revenue!$E$12 -> 20000
B13: Operational margin with subsidies | C13: =C11+C12 -> 5210 | D13: =D11+D12 -> 7766.26 | E13: =E11+E12 -> 9948.169 | F13: =F11+F12 -> -8390 | G13: =G11+G12 -> -7647.74 | H13: =H11+H12 -> -8057.189 | I13: =I11+I12 -> 8210 | J13: =J11+J12 -> 11294.26 | K13: =K11+K12 -> 10826.893
B14: Depreciation
B15: Result before interest and taxes | C15: =C13-C14 -> 5210 | D15: =D13-D14 -> 7766.26 | E15: =E13-E14 -> 9948.169 | F15: =F13-F14 -> -8390 | G15: =G13-G14 -> -7647.74 | H15: =H13-H14 -> -8057.189 | I15: =I13-I14 -> 8210 | J15: =J13-J14 -> 11294.26 | K15: =K13-K14 -> 10826.893
